 Dungeon Crawl Stone Soup version 0.31.0-11-ge490571c62 (webtiles) character file.

Game seed: 9444536740913579510

1639 shadizar the Trooper (level 9, -2/102 HPs)
             Began as a Djinni Earth Elementalist on Feb 4, 2024.
             Was an Initiate of Makhleb.
             Blown up by Maurice (20 damage)
             ... with a mindburst bolt
             ... on level 7 of the Dungeon.
             The game lasted 00:05:07 (5601 turns).

shadizar the Trooper (Djinni Earth Elementalist)    Turns: 5601, Time: 00:05:07

Health: -2/102     AC: 24    Str:  7    XL:     9   Next: 18%
Gold:   323        EV:  2    Int: 22    God:    Makhleb [......] SH:  4 Dex: 13

rFire   . . .        (no weapon)
rCold   . . .        v - +0 buckler
rNeg    . . .        a - melded +0 robe
rPois   ∞            (helmet currently unavailable)
rElec   .            (cloak currently unavailable)
rCorr   .            o - melded +1 pair of gloves
SInv    .            (boots unavailable)
Will    .....        (no amulet)
Stlth   ++           (no ring)
HPRegen 0.37/turn    (no ring)
MPRegen 0.00/turn

%: infuse magic (-3 HP)
@: tree-form, very slightly contaminated
A: stationary, stasis, torment immunity, boosted hp, sickness immunity, (fire
resistance 2), (cold vulnerability 1), float, innate caster, HP casting, extra
vitality 1
a: Renounce Religion


You were on level 7 of the Dungeon.
You worshipped Makhleb.
Makhleb was noncommittal.
You were a tree.
You visited 2 branches of the dungeon, and saw 8 of its levels.

You collected 323 gold pieces.

Inventory:

Armour
 a - a +0 robe (melded)
 o - a +1 pair of gloves (melded)
 v - a +0 buckler (worn)
Wands
 c - a wand of quicksilver (8)
 r - a wand of digging (6)
Scrolls
 b - 6 scrolls of teleportation {unknown}
 d - 2 scrolls of blinking {unknown}
 e - 2 scrolls of poison {unknown}
 i - 3 scrolls of identify {unknown}
 j - 4 scrolls of enchant armour {unknown}
 l - a scroll of fog {unknown}
 n - a scroll of summoning {unknown}
 s - a scroll of amnesia {unknown}
 t - a scroll of noise {unknown}
 w - a scroll of revelation {unknown}
 x - a scroll of silence {unknown}
Potions
 f - a potion of lignification
 g - a potion of brilliance {unknown}
 h - a potion of ambrosia {unknown}
 k - a potion of invisibility {unknown}
 m - a potion of cancellation {unknown}
 p - a potion of resistance {unknown}
 u - a potion of degeneration {unknown}
 z - a potion of berserk rage {unknown}


   Skills:
 + Level 7.4 Fighting
 - Level 2.1 Dodging
 - Level 1.5 Stealth
 + Level 2.9 Shields
 + Level 6.5 Spellcasting
 + Level 6.5 Conjurations
 + Level 6.5 Hexes
 + Level 6.5 Summonings
 + Level 6.5 Necromancy
 + Level 6.5 Translocations
 + Level 6.5 Fire Magic
 + Level 6.5 Ice Magic
 + Level 6.5 Air Magic
 + Level 6.5 Earth Magic
 + Level 6.5 Alchemy


You knew the following spells:

 Your Spells              Type           Power      Damage    Failure   Level
a - Sandblast             Erth           70%        2d15      1%          1
b - Passwall              Erth           35%        N/A       3%          3
c - Stone Arrow           Conj/Erth      70%        3d11      3%          3
d - Petrify               Alch/Erth      35%        N/A       10%         4
e - Brom's Barrelling Bo  Conj/Erth      35%        2d5       10%         4
f - Slow                  Hex            100%       N/A       1%          1
g - Momentum Strike       Conj/Tloc      70%        3d9       1%          2
h - Inner Flame           Hex/Fire       35%        N/A       3%          3
i - Vampiric Draining     Necr           35%        2d8       3%          3
Your spell library was empty.

Dungeon Overview and Level Annotations

Branches:
Dungeon (7/15)             Temple (1/1) D:6

Altars:
Ashenzari
Cheibriados
Dithmenos
Elyvilon
Fedhas
Gozag
Hepliaklqana
Makhleb
Nemelex Xobeh
Okawaru
Qazlal
Ru
Trog
Uskayaw
Wu Jian
Xom
Yredelemnul
Zin

Shops:
D:2 ?

Annotations:
D:7 Maurice


Innate Abilities, Weirdness & Mutations

You are a tree.
Your roots penetrate the ground, keeping you stationary.
You cannot be teleported.
You are immune to unholy pain and torment.
Your maximum health is greatly increased.
Your equipment is partially melded.
You are immune to sickness and miasma.
You are immune to poison.
((Your flesh is very heat resistant. (rF++)))
((You are vulnerable to cold. (rC-)))
You float through the air rather than walking.
You learn spells naturally, not from books.
Your magical power is your life essence.
You have superior vitality. (+4 MHP)


Message History

Aim: a killer bee (heavily wounded, 67% to hit)
The blast of sand hits the killer bee!!
You kill the killer bee!
Makhleb accepts your kill.
Maurice zaps a wand.
Your mind is blasted!
Maurice casts a spell.
Maurice flickers and vanishes!
Deactivating autopickup; reactivate with Ctrl-A.
Unknown command.
Unknown command.
Unknown command.
Casting: Sandblast (safe; 1% risk of failure)
Confirm with . or Enter, or press ? or * to list all spells.
Aiming: Brom's Barrelling Boulder (dangerous; 10% risk of failure)
Press: ? - help, Dir - move target You miscast Brom's Barrelling Boulder.
You are very lightly contaminated with residual magic.
Nothing appears to happen.
* * * LOW HITPOINT WARNING * * *
You hear a zap.
Something tries to affect you, but you resist.
Unknown command.
Unknown command.
Unknown command.
You cannot move.
You cannot move.
You hear a zap.
Your mind is blasted!
* * * LOW HITPOINT WARNING * * *
You hear a zap.
Something tries to affect you, but you resist.
You hear a zap.
Something tries to affect you, but you resist.
You hear a zap.
Something tries to affect you, but you resist.
You hear a zap.
Something tries to affect you, but you resist.
You hear a zap.
Your mind is blasted!
You die...

.#.. ... #{#
###.###.####.#.#
.........†f...!.
##.###.######.#
#.# #†# #♣######
#.###......##
#........_...##
#..###.....♣..#
# ########....#
##.....###._.#
##..._...#....#
#..♣...8...♣..#
.#
#....#..._...##
.#


There were no monsters in sight!

Vanquished Creatures
  A water moccasin (D:7)
  3 black bears
  An orc warrior (D:7)
  An ogre (D:4)
  2 centaurs (D:5)
  A bullfrog (D:7)
  3 scorpions
  4 killer bees (D:7)
  A bombardier beetle (D:4)
  3 hounds
  A jelly (D:7)
  A gnoll bouda (D:6)
  An iguana (D:6)
  A sleepcap (D:7)
  2 orc wizards
  7 gnolls
  5 adders
  3 dart slugs
  3 ribbon worms
  12 orcs
  5 bats
  4 endoplasms
  4 giant cockroaches
  7 goblins
  5 hobgoblins
  5 jackals
  4 kobolds
  2 quokkas
  5 ball pythons
  9 frilled lizards
  2 rats (D:2)
108 creatures vanquished.

Notes
Turn   | Place    | Note
-------+----------+-------------------------------------------
     0 | D:1      | shadizar the Djinni Earth Elementalist began the quest for
                  | the Orb.
     0 | D:1      | shadizar set off with the following spells memorised:
                  | Sandblast, Passwall, Stone Arrow, Petrify, Brom's
                  | Barrelling Boulder.
     0 | D:1      | Reached XP level 1. HP: 15/15 MP: 0/0
   105 | D:1      | Found a faded altar of an unknown god.
   148 | D:1      | Reached XP level 2. HP: 16/22 MP: 0/0
   337 | D:1      | Reached skill level 1 in Fighting
   840 | D:2      | Reached XP level 3. HP: 26/27 MP: 0/0
   840 | D:2      | Learned a level 1 spell: Slow
  1043 | D:2      | Reached skill level 2 in Fighting
  1262 | D:2      | Reached XP level 4. HP: 31/33 MP: 0/0
  1271 | D:2      | Found Deiner's Magic Scroll Shoppe.
  1901 | D:3      | Reached XP level 5. HP: 40/40 MP: 0/0
  1901 | D:3      | Learned a level 2 spell: Momentum Strike
  2034 | D:3      | Reached skill level 3 in Fighting
  2808 | D:4      | Noticed a black bear
  2815 | D:4      | Killed a black bear
  2816 | D:4      | Reached skill level 4 in Fighting
  2816 | D:4      | Reached XP level 6. HP: 28/47 MP: 0/0
  2913 | D:4      | Noticed an ogre
  2918 | D:4      | Killed an ogre
  2919 | D:4      | Reached XP level 7. HP: 51/53 MP: 0/0
  2919 | D:4      | Learned a level 3 spell: Inner Flame
  3719 | D:5      | Entered Level 5 of the Dungeon
  3944 | D:5      | Reached skill level 5 in Fighting
  3944 | D:5      | Reached skill level 5 in Spellcasting
  3944 | D:5      | Reached skill level 5 in Conjurations
  3944 | D:5      | Reached skill level 5 in Hexes
  3944 | D:5      | Reached skill level 5 in Summonings
  3944 | D:5      | Reached skill level 5 in Necromancy
  3944 | D:5      | Reached skill level 5 in Translocations
  3944 | D:5      | Reached skill level 5 in Fire Magic
  3944 | D:5      | Reached skill level 5 in Ice Magic
  3944 | D:5      | Reached skill level 5 in Air Magic
  3944 | D:5      | Reached skill level 5 in Earth Magic
  3944 | D:5      | Reached skill level 5 in Alchemy
  4279 | D:5      | Reached skill level 6 in Fighting
  4279 | D:5      | Reached XP level 8. HP: 59/61 MP: 0/0
  4286 | D:5      | Found Cistereyve's Jewellery Shoppe.
  4639 | D:6      | Found a staircase to the Ecumenical Temple.
  4700 | Temple   | Entered the Ecumenical Temple
  4719 | Temple   | Became a worshipper of Makhleb the Destroyer
  5358 | D:7      | Reached skill level 1 in Shields
  5372 | D:6      | Reached skill level 7 in Fighting
  5525 | D:7      | Found a broken altar of Ashenzari.
  5537 | D:7      | Found a hazy altar of Hepliaklqana.
  5546 | D:7      | Found a basalt altar of Yredelemnul.
  5552 | D:7      | Found an opulent altar of Gozag.
  5561 | D:7      | Found a sacrificial altar of Ru.
  5575 | D:7      | Reached XP level 9. HP: 60/68 MP: 0/0
  5575 | D:7      | Learned a level 3 spell: Vampiric Draining
  5575 | D:7      | Noticed Maurice
  5601 | D:7      | Blown up by Maurice

Illustrated notes

Levels and vault maps discovered:
D:1:      amcnicky_arrival_feature_with_door, layout_loops_ring,
          hellmonk_ecumenical_altar_lost_god
D:2:      layout_basic, serial_shops, shop_fountains
D:3:      layout_loops_cross, nicolae_the_louvre
D:4:      layout_loops_corners
D:5:      layout_loops_ring, serial_shops, kennysheep_mini_moat
D:6:      layout_loops_ring, minmay_temple_entry_wispy
D:7:      layout_basic, nicolae_overflow_hallway_of_the_gods,
          minmay_a_box_with_orc_wizards_in_it, uniq_maurice, uniq_jeremiah
Temple:   nicolae_temple_superstar

Skill      XL: |  1  2  3  4  5  6  7  8 |
---------------+-------------------------+-----
Fighting       | 1 2 4 6 7 |  7.4
Spellcasting   | 4 5 6 |  6.5
Conjurations   | 4 5 6 |  6.5
Hexes          | 4 5 6 |  6.5
Summonings     | 4 5 6 |  6.5
Necromancy     | 4 5 6 |  6.5
Translocations | 4 5 6 |  6.5
Fire Magic     | 4 5 6 |  6.5
Ice Magic      | 4 5 6 |  6.5
Air Magic      | 4 5 6 |  6.5
Earth Magic    | 4 5 6 |  6.5
Alchemy        | 4 5 6 |  6.5
Shields        | 2 |  2.9
Dodging        | |  2.1
Stealth        | |  1.5

Action                     |  1- 3 |  4- 6 |  7- 9 || total
---------------------------+-------+-------+-------++-------
  Melee: Unarmed           |       |     1 |     1 ||     2
   Cast: Sandblast         |    42 |    59 |   109 ||   210
         Stone Arrow       |       |     1 |       ||     1
    Use: Potion            |       |       |     3 ||     3
 Armour: Robe              |     7 |    23 |    58 ||    88
         Skin              |       |       |    14 ||    14
  Dodge: Dodged            |     7 |    21 |    59 ||    87
  Block: Buckler           |       |       |    10 ||    10
